 Dungeon Crawl Stone Soup version 0.19-a0-1206-g6bcb79c (webtiles) character file.

1340 epen the Poker (level 8, 0/64 HPs)
             Began as a Merfolk Monk on Aug 21, 2016.
             Slain by an orc warrior
             ... wielding a +0 halberd
              (22 damage)
             ... on level 5 of the Dungeon.
             The game lasted 00:09:12 (5754 turns).

epen the Poker (Merfolk Monk)                       Turns: 5754, Time: 00:09:13

Health: 0/64       AC: 12    Str: 13    XL:     8   Next: 62%
Magic:  17/17      EV: 15    Int:  9    God:
Gold:   24         SH:  2    Dex: 20    Spells: 0 memorised, 7 levels left

rFire  . . .     SeeInvis .     a - +0 spear
rCold  . . .     Gourm    .     q - +4 ring mail
rNeg   . . .     Faith    .     (no shield)
rPois  .         Spirit   .     s - +1 helmet
rElec  .         Dismiss  .     (no cloak)
rCorr  .         Reflect  +     (no gloves)
MR     .....     Harm     .     (no boots)
Stlth  ++........               x - +2 amulet of reflection
                                v - +3 ring of dexterity
                                u - ring of magical power

@: no status effects
A: change form in water, swift swim
a: no special abilities


You were on level 5 of the Dungeon.
You were hungry.

You visited 1 branch of the dungeon, and saw 6 of its levels.

You collected 341 gold pieces.
You spent 317 gold pieces at shops.

Inventory:

Hand Weapons
 a - a +0 spear (weapon)
Armour
 b - a +0 robe
 q - a +4 ring mail (worn)
 s - a +1 helmet (worn)
Jewellery
 u - a ring of magical power (left hand)
 v - a +3 ring of dexterity (right hand)
 x - a +2 amulet of reflection (around neck)
Scrolls
 f - 3 scrolls of identify
 k - a scroll of amnesia {unknown}
 l - a scroll of fear {unknown}
 o - 2 scrolls of remove curse {unknown}
 p - a scroll of enchant armour
Potions
 d - a potion of degeneration {unknown}
 e - 3 potions of brilliance {unknown}
 g - a potion of flight {unknown}
 h - a potion of lignification
 i - a potion of haste {unknown}
 m - 2 potions of magic
 n - 2 potions of curing {unknown}
 t - a potion of beneficial mutation {unknown}
 z - a potion of heal wounds {unknown}
 A - a potion of resistance {unknown}
Comestibles
 c - 4 bread rations
 j - 3 fruits
 r - a royal jelly
 w - 2 chunks of flesh


   Skills:
 + Level 6.0 Fighting
 + Level 7.9 Polearms
 * Level 4.7 Armour
 + Level 7.1 Dodging
 - Level 2.1 Stealth


You had 7 spell levels left.
You didn't know any spells.

Dungeon Overview and Level Annotations

Branches:
Dungeon (6/15)
 Temple: D:4-7

Altars:
Ashenzari
Fedhas
Nemelex Xobeh
Vehumet

Shops:
D:5 *}*:


Message History

The orc warrior is moderately wounded.
The orc warrior barely misses you.
You hit the orc warrior but do no damage.
The orc warrior is moderately wounded.
The orc warrior hits you with a halberd!!
You are feeling hungry.
You completely miss the orc warrior.
The orc warrior is moderately wounded.
You hit the orc warrior but do no damage.
The orc warrior is moderately wounded.
The orc warrior hits you with a halberd!
* * * LOW HITPOINT WARNING * * *
You are too injured to fight recklessly!
The orc warrior hits you from afar with a halberd.
* * * LOW HITPOINT WARNING * * *
Things that are here:
a leather armour; a hand axe
There is a stone staircase leading down here.
The orc warrior hits you from afar with a halberd!!
You die...

# #.......########
###...##....######
.#..####.....o...## ....#
##..#####..# .#.## #..# ##.##
.#.### ##..## ##..### .....#
#....# #.....#
..##.###.##o####.....#
......<..##..##.@....########
..##.###...#.##.............#
#.##..##.#....o.............#
#..##..#.###.##.#####.......#
##..##...###....# #^......#
##.###....#..### #.......#
#...##.#....# #..)....#
###.#..##...# ##..#####
#####.#.###...# #..##


You could see an orc warrior.

Vanquished Creatures
  Grinder (D:4)
  3 ice beasts
  An ogre (D:6)
  A big kobold (D:5)
  A scorpion (D:5)
  A hound (D:6)
  An orc priest (D:5)
  A jelly (D:5)
  3 orc wizards
  A centaur skeleton (D:4)
  4 worker ants
  Ijyb (D:2)
  An iguana (D:4)
  Natasha (thrice) (D:4)
  Robin (D:4)
  6 gnolls
  2 adders
  A shadow imp (D:5)
  3 oozes
  6 worms
  5 dart slugs
  2 giant geckos
  13 orcs
  3 ball pythons
  7 bats
  5 giant cockroaches
  12 goblins
  4 hobgoblins
  6 jackals
  9 kobolds
  3 quokkas
  2 giant newts (D:2)
  2 jackal skeletons (D:4)
  A jackal zombie (D:5)
  A quokka zombie (D:5)
  8 rats
125 creatures vanquished.

Notes
Turn   | Place    | Note
-------+----------+-------------------------------------------
     0 | D:1      | epen the Merfolk Monk began the quest for the Orb.
     0 | D:1      | Reached XP level 1. HP: 18/18 MP: 1/1
    38 | D:1      | Reached XP level 2. HP: 21/24 MP: 2/2
   206 | D:1      | Reached XP level 3. HP: 23/29 MP: 3/3
   573 | D:2      | Reached skill level 1 in Armour
   757 | D:2      | Reached skill level 5 in Polearms
   930 | D:2      | Reached XP level 4. HP: 29/37 MP: 4/4
  1009 | D:2      | Noticed Ijyb
  1030 | D:2      | Killed Ijyb
  1287 | D:2      | Reached XP level 5. HP: 14/42 MP: 5/5
  2035 | D:3      | Found a radiant altar of Vehumet.
  2116 | D:3      | Noticed an ice beast
  2151 | D:3      | Killed an ice beast
  2151 | D:3      | Reached skill level 5 in Dodging
  2151 | D:3      | Reached XP level 6. HP: 35/48 MP: 6/6
  2762 | D:4      | Noticed Natasha
  2778 | D:4      | Killed Natasha
  2839 | D:4      | Noticed Grinder
  2869 | D:4      | Paralysed by Grinder for 7 turns
  2890 | D:4      | Killed Grinder
  2890 | D:4      | Reached XP level 7. HP: 55/55 MP: 7/7
  2912 | D:4      | Found a sparkling altar of Nemelex Xobeh.
  3041 | D:4      | Reached skill level 5 in Fighting
  3241 | D:4      | Noticed Natasha
  3251 | D:4      | Killed Natasha
  3335 | D:4      | Noticed Natasha
  3382 | D:4      | Killed Natasha
  3720 | D:4      | Noticed Robin
  3770 | D:4      | Killed Robin
  4083 | D:5      | Entered Level 5 of the Dungeon
  4102 | D:5      | Found Vuuluwkavva's Assorted Antiques.
  4105 | D:5      | Bought a gilded ring for 110 gold pieces
  4133 | D:5      | Found Puunko's Book Shop.
  4160 | D:5      | Reached XP level 8. HP: 22/62 MP: 8/8
  4812 | D:5      | Found a blossoming altar of Fedhas.
  4812 | D:5      | Found a shattered altar of Ashenzari.
  5281 | D:5      | Found Icaecy's Assorted Antiques.
  5289 | D:5      | Bought a glowing black potion for 21 gold pieces
  5289 | D:5      | Bought a scroll labeled KIW CISITATOT for 24 gold pieces
  5289 | D:5      | Bought a square bone amulet for 120 gold pieces
  5289 | D:5      | Bought a ruby potion for 21 gold pieces
  5289 | D:5      | Bought a bubbling cyan potion for 21 gold pieces
  5293 | D:5      | Found Liepemutyu's Gadget Shop.
  5754 | D:5      | Slain by an orc warrior

Vault maps used:
D:1:      matt_arrival_los_fun
D:2:      kennysheep_generic_room_3, uniq_iyjb
D:3:      lemuel_tele_altar
D:4:      nemelex_xobeh_ov_fountains_minmay, first_bread, uniq_robin,
          uniq_grinder, uniq_natasha
D:5:      gammafunk_temple_overflow_elements, serial_shops,
          nicolae_shop_behind_doors, nicolae_shop_behind_doors,
          nicolae_shop_waterfront, shop
D:6:      minmay_gold_behind_fungi

Skill      XL: |  1  2  3  4  5  6  7  8 |
---------------+-------------------------+-----
Armour         | 1 2 3 4 |  4.7
Polearms       | 5 6 7 |  7.9
Fighting       | 4 5 6 |  6.0
Dodging        | 5 6 7 |  7.1
Stealth        | |  2.1

Action                   |  1- 3 |  4- 6 |  7- 9 || total
-------------------------+-------+-------+-------++-------
Melee: Spear             |   129 |   272 |   529 ||   930
       Tailslap          |     1 |       |     2 ||     3
       Unarmed           |       |    10 |    11 ||    21
  Use: Scroll            |       |     4 |     2 ||     6
       Potion            |       |     1 |     1 ||     2
 Stab: Sleeping          |     5 |     6 |     2 ||    13
  Eat: Chunk             |       |     7 |     9 ||    16
Armor: Robe              |    16 |     4 |       ||    20
       Ring mail         |       |    49 |   113 ||   162
       Skin              |       |     8 |    10 ||    18
Dodge: Dodged            |    68 |   112 |   232 ||   412
Block: Other             |       |       |     2 ||     2
